 Dungeon Crawl Stone Soup version 0.21.0-24-g2553a33 (webtiles) character file.

2312 Gorglomux the Grappler (level 9, -11/79 HPs)
             Began as a Ghoul Monk on Jan 20, 2018.
             Was a Priest of Makhleb.
             Mangled by a two-headed ogre
             ... wielding a +0 giant spiked club
              (20 damage)
             ... on level 7 of the Dungeon.
             The game lasted 00:12:03 (5937 turns).

Gorglomux the Grappler (Ghoul Monk)                 Turns: 5937, Time: 00:12:04

Health: -11/79     AC:  7    Str: 21    XL:     9   Next: 41%
Magic:  10/10      EV: 12    Int:  6    God:    Makhleb [***...]
Gold:   108        SH:  0    Dex:  8    Spells: 8/8 levels left

rFire    x . .     SeeInvis .     - Unarmed
rCold    + + .     Gourm    .   (no shield)
rNeg     + + +     Faith    .   O - +3 robe of Twilight {MR+++ Str+4 Dex-3}
rPois    ∞         Spirit   .   S - +0 helmet
rElec    .         Reflect  .   (no cloak)
rCorr    .         Harm     .   (no gloves)
MR       +++..                  X - +0 pair of boots
Stlth    ++........             (no amulet)
HPRegen  0.00/turn              g - ring of ice (curse)
MPRegen  0.12/turn              T - ring of wizardry (curse)

@: rotting, hasted, very quick
A: rotting body, claws 1, carnivore, cold resistance 1, negative energy
resistance 3, inhibited regeneration, torment resistance, unbreathing
a: Minor Destruction, Lesser Servant of Makhleb, Renounce Religion


You were on level 7 of the Dungeon.
You worshipped Makhleb.
Makhleb was most pleased with you.
You were not hungry.

You visited 2 branches of the dungeon, and saw 8 of its levels.

You collected 164 gold pieces.
You spent 56 gold pieces at shops.

Inventory:

Armour
 O - the +3 robe of Twilight (worn) {MR+++ Str+4 Dex-3}
   (You found it on level 6 of the Dungeon)

   It affects your strength (+4).
   It affects your dexterity (-3).
   It affects your resistance to hostile enchantments.
 S - a +0 helmet (worn)
 X - a +0 pair of boots (worn)
Jewellery
 f - an uncursed ring of protection from fire
 g - a cursed ring of ice (left claw)
 R - a cursed ring of protection from cold {unknown}
 T - a cursed ring of wizardry (right claw)
Wands
 A - a wand of acid (6)
Scrolls
 J - a scroll of remove curse {unknown}
 K - a scroll of noise {unknown}
 L - a scroll of vulnerability {unknown}
 N - 5 scrolls of fog
Potions
 e - a potion of lignification
 P - 3 potions of agility
 Q - 4 potions of curing
 U - 3 potions of flight
 V - a potion of resistance
 W - 2 potions of haste
 Y - a potion of brilliance {unknown}
 Z - 3 potions of might {unknown}
Comestibles
 b - 7 rations
 M - 16 chunks of flesh


   Skills:
 - Level 7.3 Fighting
 - Level 2.6 Dodging
 - Level 2.1 Stealth
 + Level 11.5 Unarmed Combat
 - Level 3.1 Invocations


You had 8 spell levels left.
You didn't know any spells.

Dungeon Overview and Level Annotations

Branches:
Dungeon (7/15)             Temple (1/1) D:4

Altars:
Ashenzari
Cheibriados
Dithmenos
Elyvilon
Fedhas
Hepliaklqana
Kikubaaqudgha
Makhleb
Nemelex Xobeh
Okawaru
Ru
Sif Muna
Trog
Uskayaw
Vehumet
Wu Jian
Xom
Yredelemnul
Zin
The Shining One

Shops:
D:4 *   D:6 *

Annotations:
D:3 1 runed door


Innate Abilities, Weirdness & Mutations

Your body is rotting away.
You thrive on raw meat.
You are immune to poison.
You have sharp fingernails.
You are carnivorous and can eat meat at any time.
Your flesh is cold resistant. (rC+)
You are immune to negative energy. (rN+++)
You do not regenerate when monsters are visible.
You are immune to unholy pain and torment.
You can survive without breathing.


Message History

Aim: a two-headed ogre, wielding a giant spiked club and a giant club (heavily wounded)
The butt-headed ogre easily resists!
The two-headed ogre hits you with a butt spiked club!!!!!!
The two-headed ogre hits you with a giant club!!!
You eviscerate the two-headed butt!
The two-headed ogre is heavily wounded!
The two-headed ogre hits you with a giant spiked club!!!
The two-headed ogre hits you with a giant club!!! * * * don't die
* * * You are too injured to fight recklessly!!!
Found a stone staircase leading down!
The jelly hits you! * * * don't die
* * * You are splashed with acid!!!
The acid burns!!! * * * don't die
* * * Evoke butt item? (* to show butt) (? for menu, Esc to quit)
Okay, then!
You feel yourself speed up! The jelly barely misses you!
The two-headed ogre hits you with a giant spiked club!!!!!! rip

..# ..##
...#
###...###
#........
#........
#.J......#
#@# .. .#
#O#
.##.###..
#.#
#........
#.####<#
#......#
########


You could see a two-headed ogre and a jelly.

Vanquished Creatures
  Grinder (D:4)
  Menkaure (D:5)
  Duvessa (D:5)
  3 phantoms
  5 ogres
  A centaur (D:5)
  A bullfrog (D:6)
  Dowan (D:5)
  A water moccasin zombie (D:4)
  4 scorpions
  4 howler monkeys
  A crimson imp (D:5)
  A hound (D:5)
  An orc wizard (D:6)
  A bullfrog skeleton (D:4)
  3 iguanas
  Ijyb (D:4)
  Natasha (thrice) (D:2)
  3 worker ants
  A hound skeleton (D:4)
  A hound zombie (D:5)
  Robin (D:2)
  9 adders
  2 oozes
  An adder skeleton (D:5)
  5 worms
  A dart slug (D:2)
  6 leopard geckos
  6 orcs
  2 ball pythons
  6 giant cockroaches
  18 goblins
  6 hobgoblins
  15 jackals
  7 kobolds
  3 quokkas
  8 bats
  3 frilled lizards
  A quokka skeleton (D:5)
  11 rats
150 creatures vanquished.

Notes
Turn   | Place    | Note
-------+----------+-------------------------------------------
     0 | D:1      | Gorglomux the Ghoul Monk began the quest for the Orb.
     0 | D:1      | Reached XP level 1. HP: 19/19 MP: 0/0
    30 | D:1      | Reached XP level 2. HP: 14/26 MP: 1/1
   542 | D:1      | Found a glowing golden altar of the Shining One.
   793 | D:2      | Reached skill level 4 in Unarmed Combat
   793 | D:2      | Reached XP level 3. HP: 33/33 MP: 2/2
  1016 | D:2      | Reached XP level 4. HP: 5/41 MP: 3/3
  1120 | D:2      | Found a blossoming altar of Fedhas.
  1564 | D:2      | Noticed Robin
  1728 | D:2      | Killed Robin
  1943 | D:2      | Noticed Natasha
  1962 | D:2      | Killed Natasha
  1962 | D:2      | Reached skill level 5 in Unarmed Combat
  1962 | D:2      | Reached XP level 5. HP: 25/48 MP: 4/4
  2198 | D:2      | Noticed Natasha
  2209 | D:2      | Killed Natasha
  2290 | D:2      | Found a faded altar of an unknown god.
  2328 | D:2      | Noticed Natasha
  2336 | D:2      | Killed Natasha
  2513 | D:3      | Found an ornate altar of the Wu Jian Council.
  2865 | D:3      | Found a runed door.
  2889 | D:3      | Reached XP level 6. HP: 52/56 MP: 5/5
  2903 | D:3      | Found a sacrificial altar of Ru.
  3144 | D:4      | Found a staircase to the Ecumenical Temple.
  3163 | Temple   | Entered the Ecumenical Temple
  3453 | Temple   | Became a worshipper of Makhleb the Destroyer
  3453 | Temple   | Reached * piety under Makhleb
  3453 | Temple   | Reached ** piety under Makhleb
  3492 | D:4      | Noticed Grinder
  3502 | D:4      | Killed Grinder
  3502 | D:4      | Reached skill level 6 in Fighting
  3502 | D:4      | Reached skill level 6 in Unarmed Combat
  3502 | D:4      | Reached XP level 7. HP: 64/64 MP: 6/6
  3752 | D:4      | Reached skill level 7 in Unarmed Combat
  3762 | D:4      | Found an iron altar of Okawaru.
  3892 | D:4      | Reached skill level 1 in Invocations
  4023 | D:4      | Found Ziuprog's General Store.
  4031 | D:4      | Bought 2 scrolls of fog for 56 gold pieces
  4068 | D:4      | Reached XP level 8. HP: 73/73 MP: 6/8
  4160 | D:4      | Reached skill level 3 in Invocations
  4181 | D:4      | Found a snail-covered altar of Cheibriados.
  4181 | D:4      | Found a sparkling altar of Nemelex Xobeh.
  4199 | D:4      | Noticed Ijyb
  4215 | D:4      | Killed Ijyb
  4470 | D:5      | Entered Level 5 of the Dungeon
  4480 | D:5      | Reached skill level 8 in Unarmed Combat
  4535 | D:5      | Noticed Duvessa
  4536 | D:5      | Noticed Dowan
  4557 | D:5      | Killed Duvessa
  4559 | D:5      | Killed Dowan
  4613 | D:5      | Noticed Menkaure
  4621 | D:5      | Killed Menkaure
  4621 | D:5      | Reached skill level 9 in Unarmed Combat
  4651 | D:5      | Found a white marble altar of Elyvilon.
  4824 | D:5      | Reached skill level 10 in Unarmed Combat
  4824 | D:5      | Reached XP level 9. HP: 47/79 MP: 10/10
  5286 | D:6      | Got a shimmering robe
  5297 | D:6      | Identified the +3 robe of Twilight {MR+++ Str+4 Dex-3} (You found it on level 6 of the Dungeon)
  5387 | D:6      | Found Zin's Purification Station.
  5392 | D:6      | Found a glowing silver altar of Zin.
  5472 | D:6      | Reached skill level 11 in Unarmed Combat
  5700 | D:6      | Reached *** piety under Makhleb
  5754 | D:6      | Found a snail-covered altar of Cheibriados.
  5920 | D:7      | Noticed a two-headed ogre
  5937 | D:7      | Mangled by a two-headed ogre

Skill      XL: |  1  2  3  4  5  6  7  8  9 |
---------------+----------------------------+-----
Fighting       | 4 5 6 7 |  7.3
Unarmed Combat | 4 5 6 7 10 11 | 11.5
Invocations    | 2 3 |  3.1
Dodging        | |  2.6
Stealth        | |  2.1

Action                   |  1- 3 |  4- 6 |  7- 9 || total
-------------------------+-------+-------+-------++-------
Melee: Unarmed           |   100 |   189 |   217 ||   506
       Punch             |     1 |     2 |     4 ||     7
Invok: Minor Destruction |       |       |    57 ||    57
  Use: Scroll            |     1 |     3 |     6 ||    10
       Potion            |       |       |     1 ||     1
 Stab: Sleeping          |     4 |     8 |     2 ||    14
       Distracted        |       |     1 |       ||     1
       Paralysed         |       |     1 |       ||     1
  Eat: Chunk             |     6 |    21 |    21 ||    48
Armor: Robe              |    11 |    32 |    36 ||    79
Dodge: Dodged            |    55 |    90 |   108 ||   253
